 Dungeon Crawl Stone Soup version 0.29.1-15-g9cfb28693d (webtiles) character file.

Game seed: 12855325098050652927

29003 BlackCrag the Eclecticist (level 13, -5/66 HPs)
             Began as a Deep Elf Earth Elementalist on Mar 17, 2023.
             Was a High Priest of Sif Muna.
             Slain by Harold
             ... wielding a +0 war axe
              (16 damage)
             ... on level 2 of the Lair of Beasts.
             The game lasted 02:09:26 (18101 turns).

BlackCrag the Eclecticist (DEEE)                   Turns: 18101, Time: 02:09:26

Health: -5/66      AC:  9    Str:  9    XL:     13   Next: 12%
Magic:  12/36      EV:  7    Int: 26    God:    Sif Muna [*****.]
Gold:   100        SH:  0    Dex: 15    Spells: 17/47 levels left

rFire   . . .      SeeInvis +   Q - +1 arbalest (freeze)
rCold   + . .      Faith    .   (shield currently unavailable)
rNeg    + . .      Spirit   .   J - +2 robe {rC+}
rPois   +          Reflect  .   A - +1 helmet
rElec   .          Harm     .   o - +0 cloak
rCorr   .          Rampage  .   E - +0 pair of gloves
Will    +....                   K - +0 pair of boots
Stlth   +++.......              k - amulet "Futaronlo" {rN+ Regen+ Str+4}
HPRegen 1.01/turn               m - ring of poison resistance
MPRegen 0.25/turn               D - ring of see invisible

@: marked, held
A: no striking features
a: Renounce Religion, Channel Magic, Forget Spell, Divine Exegesis


You were on level 2 of the Lair of Beasts.
You worshipped Sif Muna.
Sif Muna was extremely pleased with you.
You visited 4 branches of the dungeon, and saw 15 of its levels.
You also visited: Sewer.

You collected 1616 gold pieces.
You spent 1516 gold pieces at shops.

Inventory:

Hand Weapons
 z - the +4 halberd of Guile {freeze, Will+ Int+2}
   (You took it off a deep elf pyromancer on level 10 of the Dungeon)

   It freezes those it strikes, dealing additional cold damage.
   It can also slow down cold-blooded creatures.
   Int:       It affects your intelligence (+2).
   Will:      It increases your willpower.
 C - the +11 halberd of Her Qigh {flame, +Blink rF- rC+ rN+}
   (You took it off an orc warrior on level 10 of the Dungeon)

   It burns those it strikes, dealing additional fire damage.
   Big, fiery blades are also staple armaments of hydra-hunters.
   rF:        It makes you vulnerable to fire.
   rC:        It protects you from cold.
   rN:        It protects you from negative energy.
   +Blink:    It lets you blink.
 Q - a +1 arbalest of freezing (weapon)
Missiles
 S - a throwing net
Armour
 o - a +0 cloak (worn)
 A - a +1 helmet (worn)
 E - a +0 pair of gloves (worn)
 I - an orb of energy
 J - a +2 robe of cold resistance (worn)
 K - a +0 pair of boots (worn)
Magical Staves
 P - a staff of cold
Jewellery
 j - a ring of protection from cold
 k - the amulet "Futaronlo" (around neck) {rN+ Regen+ Str+4}
   (You found it on level 5 of the Dungeon)

   [amulet of regeneration]

   Str:       It affects your strength (+4).
   rN:        It protects you from negative energy.
   Regen:     It increases your rate of health regeneration.
 m - a ring of poison resistance (left hand)
 D - a ring of see invisible (right hand)
 G - a ring of resist corrosion
 R - a +4 ring of evasion
Wands
 t - a wand of flame (64)
 H - a wand of quicksilver (17)
 M - a wand of roots (4)
Scrolls
 d - 3 scrolls of poison
 f - a scroll of butterflies
 g - 2 scrolls of enchant armour
 s - a scroll of fear
 u - 2 scrolls of summoning
 x - 2 scrolls of magic mapping {unknown}
 y - a scroll of vulnerability
 F - 2 scrolls of immolation
 L - a scroll of enchant weapon
 O - 5 scrolls of teleportation
Potions
 a - a potion of berserk rage {unknown}
 b - 3 potions of magic
 c - 4 potions of flight
 e - 2 potions of resistance
 h - a potion of brilliance
 i - a potion of heal wounds
 l - a potion of haste
 n - a potion of mutation {unknown}
 p - 6 potions of curing
 q - a potion of experience {unknown}
 r - 3 potions of invisibility
 v - a potion of attraction {unknown}
 w - a potion of cancellation
 N - 2 potions of might
Miscellaneous
 B - a phial of floods


   Skills:
 + Level 1.9 Fighting
 + Level 6.9 Ranged Weapons
 + Level 3.9 Dodging
 + Level 4.3 Stealth
 + Level 17.6 Spellcasting
 + Level 9.6 Conjurations
 + Level 1.0 Summonings
 + Level 4.1 Transmutations
 * Level 2.7 Fire Magic
 * Level 14.0 Earth Magic
 + Level 4.1 Invocations
 + Level 0.8 Evocations


You had 17 spell levels left.
You knew the following spells:

 Your Spells              Type           Power      Damage    Failure   Level
a - Sandblast             Erth           100%       2d20      0%          1
b - Passwall              Tmut/Erth      52%        N/A       1%          2
c - Stone Arrow           Conj/Erth      100%       3d13      1%          3
d - Petrify               Tmut/Erth      63%        N/A       1%          4
e - Animate Armour        Summ/Erth      100%       N/A       1%          4
f - Lehudib's Crystal Sp  Conj/Erth      35%        10d9      71%         8
g - Frozen Ramparts       Ice            44%        1d7       6%          3
h - Fireball              Conj/Fire      26%        3d12      4%          5

Your spell library contained the following spells:

 Spells                   Type           Power      Damage    Failure   Level
 Summon Small Mammal      Summ           100%       N/A       1%          1
 Wereblood                Tmut           44%        N/A       1%          2
 Apportation              Tloc           44%        N/A       2%          1
 Freeze                   Ice            88%        1d10      2%          1
 Spider Form              Tmut/Pois      33%        N/A       2%          3
 Poisonous Vapours        Pois/Air       44%        N/A       3%          2
 Sublimation of Blood     Necr           22%        N/A       3%          2
 Hailstorm                Conj/Ice       48%        3d11      3%          4
 Irradiate                Conj/Tmut      28%        3d21      3%          5
 Call Canine Familiar     Summ           28%        N/A       4%          3
 Summon Guardian Golem    Hex/Summ       25%        N/A       4%          3
 Ozocubu's Armour         Ice            22%        N/A       6%          3
 Corpse Rot               Necr/Pois/Air  22%        N/A       22%         4
 Alistair's Intoxication  Tmut/Pois      22%        N/A       26%         5
 Starburst                Conj/Fire      26%        6d8       26%         6
 Summon Forest            Summ/Tloc      12%        N/A       43%         5
 Agony                    Necr           22%        N/A       52%         5
 Eringya's Noxious Bog    Tmut/Pois      16%        N/A       80%         6
 Dispersal                Tloc           11%        N/A       97%         6
 Dragon Form              Tmut           22%        N/A       97%         7
 Ozocubu's Refrigeration  Ice            11%        4d9       100%        7
 Storm Form               Tmut/Air       16%        N/A       100%        7
 Ignition                 Fire           18%        3d7       100%        8


Dungeon Overview and Level Annotations

Branches:
Dungeon (10/15)            Temple (1/1) D:6            Lair (2/5) D:8
    Orc (2/2) D:10            Elf (0/3) Orc:2         Sewer (visited)
  Swamp: Lair:2-3    Shoals: Lair:2-3     Snake: Lair:2-3    Spider: Lair:2-3

Altars:
Ashenzari
Cheibriados
Dithmenos
Elyvilon
Fedhas
Gozag
Hepliaklqana
Kikubaaqudgha
Makhleb
Nemelex Xobeh
Okawaru
Qazlal
Ru
Sif Muna
Trog
Uskayaw
Vehumet
Wu Jian
Xom
Yredelemnul
Zin
The Shining One

Shops:
D:5 =   D:9 ?   D:10 :   Orc:2 [=*!

Annotations:
Lair:2 Harold


Message History

You kill the blink frog!
Sif Muna accepts your kill.
Casting: Sandblast (safe; 0% risk of failure)
Confirm with . or Enter, or press ? or * to list all spells.
Aiming: Stone Arrow (safe; 1% risk of failure)
Press: ? - help, Shift-Dir - straight line, f - Harold
Aim: Harold, wielding a +0 war axe, wearing a +0 chain mail and quivering a throwing net (ally target, 89% to hit)
The stone arrow hits Harold!
Harold is lightly wounded.
Harold hits you with a +0 war axe. Harold hits you but does no damage.
Casting: Stone Arrow (safe; 1% risk of failure)
Confirm with . or Enter, or press ? or * to list all spells.
Aiming: Stone Arrow (safe; 1% risk of failure)
Press: ? - help, Shift-Dir - straight line, f/p - Harold
Aim: Harold, wielding a +0 war axe, wearing a +0 chain mail and quivering a throwing net (lightly wounded, ally target, 89% to hit)
The stone arrow hits Harold.
Harold is lightly wounded.
Harold hits you with a +0 war axe!
Casting: Stone Arrow (safe; 1% risk of failure)
Confirm with . or Enter, or press ? or * to list all spells.
Aiming: Stone Arrow (safe; 1% risk of failure)
Press: ? - help, Shift-Dir - straight line, f/p - Harold
Aim: Harold, wielding a +0 war axe, wearing a +0 chain mail and quivering a throwing net (lightly wounded, ally target, 89% to hit)
The stone arrow misses Harold.
Harold casts a spell at you. A sentinel's mark forms upon you.
Casting: Stone Arrow (safe; 1% risk of failure)
Confirm with . or Enter, or press ? or * to list all spells.
Aiming: Stone Arrow (safe; 1% risk of failure)
Press: ? - help, Shift-Dir - straight line, f/p - Harold
Aim: Harold, wielding a +0 war axe, wearing a +0 chain mail and quivering a throwing net (lightly wounded, ally target, 89% to hit)
The stone arrow hits Harold!
Harold is moderately wounded.
Harold hits you with a +0 war axe!!
* * * LOW HITPOINT WARNING * * *
As you read the scroll of fear, it crumbles to dust.
You assume a fearsome visage.
Harold resists with some effort.
You feel less invigorated. Harold hits you with a +0 war axe!
You die...

........## #............
.........## #............
..........# ##............
........### #P............
........# #....!.......
....<...# #............
........#### ##....$...†...
........##.###..[@†........
................@#..##.....
................#†#.# ....
##.##.#.........####.F ...
## ###.........# ##.. .F
#..........# ....
#.........#.# ..
#............. .
..#.####.....#


You could see Harold (ally target) and a friendly animated robe (summoned).

Vanquished Creatures
  Fannar (Orc:1)
  2 centaur warriors (D:10)
  2 hydras
  3 two-headed ogres
  5 orc high priests
  The ghost of Mafin the Thaumaturge, a novice DjFE of Makhleb (Orc:2)
  Sonja (D:10)
  A deep elf pyromancer (D:10)
  An orc knight (Orc:2)
  2 orc sorcerers (Orc:2)
  A cyclops (D:10)
  A manticore (D:10)
  Joseph (D:8)
  A cane toad (Lair:1)
  A gargoyle (D:9)
  A komodo dragon (Lair:1)
  An efreet (D:10)
  3 trolls
  2 polar bears
  2 hornets (D:10)
  5 blink frogs (Lair:2)
  A slime creature (D:10)
  4 wyverns
  A wraith (D:10)
  16 yaks
  Grum (Lair:1)
  A steam dragon (D:10)
  A vampire mosquito (D:10)
  2 basilisks
  2 wargs
  An acid dragon (D:10)
  8 water moccasins
  27 orc warriors
  A sky beast (D:8)
  A black bear (D:5)
  2 ice beasts
  12 ogres
  9 wolves (Lair:1)
  2 centaurs
  A phantom (D:5)
  Blork the orc (D:4)
  10 kobold brigands
  4 bullfrogs
  2 necrophages
  4 gnoll sergeants
  A scorpion (D:5)
  12 wights
  A killer bee (D:10)
  5 howler monkeys
  Crazy Yiuf (D:4)
  23 orc priests
  A gnoll bouda (D:7)
  2 hounds
  2 jellies
  2 iguanas
  24 orc wizards
  12 gnolls
  7 adders
  2 river rats
  A white imp (D:8)
  2 ufetubi
  7 worms
  A dart slug (D:2)
  76 orcs
  11 ball pythons
  7 endoplasms
  6 giant cockroaches
  5 goblins
  5 hobgoblins
  4 jackals (D:1)
  7 quokkas
  13 bats
  11 kobolds
  5 rats
408 creatures vanquished.

Vanquished Creatures (collateral kills)
  An orc warrior (D:10)
  A howler monkey (D:10)
  An orc wizard (Orc:2)
  2 orcs (D:8)
  A goblin (D:4)
6 creatures vanquished.

Vanquished Creatures (others)
  A yak (D:8)
  A centaur simulacrum (D:10)
  16 fungi
  24 plants
  3 toadstools (D:10)
45 creatures vanquished.

Grand Total: 459 creatures vanquished

Notes
Turn   | Place    | Note
-------+----------+-------------------------------------------
     0 | D:1      | BlackCrag the Deep Elf Earth Elementalist began the quest
                  | for the Orb.
     0 | D:1      | Reached XP level 1. HP: 10/10 MP: 6/6
   199 | D:1      | Reached XP level 2. HP: 15/15 MP: 6/8
   214 | D:1      | Learned a level 2 spell: Passwall
   623 | D:1      | Found a faded altar of an unknown god.
   936 | D:2      | Reached XP level 3. HP: 19/19 MP: 7/10
   940 | D:2      | Learned a level 3 spell: Stone Arrow
  1714 | D:3      | Found a white marble altar of Elyvilon.
  1775 | D:3      | Reached skill level 4 in Spellcasting
  1787 | D:3      | Found a shimmering blue altar of Sif Muna.
  1797 | D:3      | Became a worshipper of Sif Muna the Loreminder
  1846 | D:3      | Found a burning altar of Makhleb.
  1874 | D:3      | Reached XP level 4. HP: 24/24 MP: 9/12
  1911 | D:3      | Reached skill level 1 in Ranged Weapons
  1978 | D:3      | Found a glowing drain.
  1982 | Sewer    | Entered a sewer
  2150 | Sewer    | Noticed a kobold brigand
  2157 | Sewer    | Killed a kobold brigand
  2158 | Sewer    | Reached skill level 5 in Spellcasting
  2158 | Sewer    | Reached XP level 5. HP: 28/28 MP: 9/14
  2163 | Sewer    | Learned a level 4 spell: Petrify
  2305 | Sewer    | Reached skill level 5 in Earth Magic
  2338 | Sewer    | Reached skill level 1 in Conjurations
  2420 | Sewer    | Reached XP level 6. HP: 32/32 MP: 11/16
  2518 | Sewer    | Reached skill level 6 in Spellcasting
  2747 | Sewer    | Reached * piety under Sif Muna
  3048 | Sewer    | Reached XP level 7. HP: 36/36 MP: 4/19
  3167 | D:3      | Reached skill level 7 in Spellcasting
  3622 | D:3      | Found an ornate altar of the Wu Jian Council.
  3624 | D:3      | Found a stormy altar of Qazlal.
  4216 | D:4      | Found a runed translucent door.
  4217 | D:4      | Noticed Crazy Yiuf
  4223 | D:4      | Killed Crazy Yiuf
  4412 | D:4      | Noticed Blork the orc
  4430 | D:4      | Killed Blork the orc
  4549 | D:4      | Reached ** piety under Sif Muna
  5010 | D:5      | Entered Level 5 of the Dungeon
  5127 | D:5      | Identified the amulet "Futaronlo" {rN+ Regen+ Str+4}
  5253 | D:5      | Reached skill level 8 in Spellcasting
  5256 | D:5      | Reached XP level 8. HP: 42/42 MP: 2/22
  5579 | D:5      | Reached skill level 9 in Spellcasting
  5751 | D:5      | Found Rorchesma's Jewellery Shoppe.
  5758 | D:5      | Bought a ring of see invisible for 225 gold pieces
  6340 | D:6      | Noticed a two-headed ogre
  6348 | D:6      | Killed a two-headed ogre
  6349 | D:6      | Reached skill level 10 in Spellcasting
  6349 | D:6      | Reached XP level 9. HP: 35/46 MP: 2/25
  6549 | D:6      | Found a staircase to the Ecumenical Temple.
  6563 | Temple   | Entered the Ecumenical Temple
  7053 | D:6      | Reached skill level 11 in Spellcasting
  7343 | D:7      | Learned a level 4 spell: Animate Armour
  7440 | D:7      | Reached *** piety under Sif Muna
  7528 | D:7      | Identified the +0 ring mail of Boredom {Rampage Fly Regen+
                  | Int-5}
  7896 | D:7      | Reached skill level 12 in Spellcasting
  8545 | D:8      | Reached skill level 5 in Conjurations
  8635 | D:8      | Reached skill level 1 in Invocations
  8635 | D:8      | Reached XP level 10. HP: 26/51 MP: 16/28
  9165 | D:8      | Reached skill level 13 in Spellcasting
  9177 | D:8      | Reached **** piety under Sif Muna
  9299 | D:8      | Reached skill level 1 in Fighting
  9389 | D:8      | Found a staircase to the Lair.
  9783 | D:8      | Noticed Joseph
  9803 | D:8      | Killed Joseph
  9804 | D:8      | Reached skill level 10 in Earth Magic
 10196 | D:9      | Noticed a two-headed ogre
 10203 | D:9      | Killed a two-headed ogre
 10498 | D:9      | Reached skill level 14 in Spellcasting
 10508 | D:9      | Reached skill level 5 in Ranged Weapons
 10658 | D:9      | Found Fyatet's Magic Scroll Shop.
 10674 | D:9      | Bought a scroll of identify for 22 gold pieces
 10674 | D:9      | Bought a scroll of identify for 22 gold pieces
 10674 | D:9      | Bought a scroll of enchant armour for 82 gold pieces
 10966 | D:10     | Entered Level 10 of the Dungeon
 10967 | D:10     | Noticed a gargoyle
 10973 | D:9      | Killed a gargoyle
 11025 | D:10     | Reached XP level 11. HP: 40/56 MP: 12/31
 11037 | D:10     | Noticed a seven-headed hydra
 11057 | D:10     | Noticed a centaur warrior
 11072 | D:10     | Killed a centaur warrior
 11185 | D:10     | Noticed a fire dragon
 11258 | D:10     | Noticed a centaur warrior
 11271 | D:10     | Killed a centaur warrior
 11570 | D:10     | Identified the +4 halberd of Guile {freeze, Will+ Int+2}
 11570 | D:10     | Noticed a deep elf pyromancer
 11583 | D:10     | Killed a deep elf pyromancer
 11584 | D:10     | Reached skill level 15 in Spellcasting
 11791 | D:10     | Noticed a two-headed ogre
 11800 | D:10     | Killed a two-headed ogre
 12285 | D:10     | Noticed Sonja
 12289 | D:10     | Killed Sonja
 12604 | D:10     | Learned a level 8 spell: Lehudib's Crystal Spear
 12711 | D:10     | Killed a seven-headed hydra
 12877 | D:10     | Reached XP level 12. HP: 33/61 MP: 11/33
 12927 | D:10     | Reached skill level 16 in Spellcasting
 13059 | D:10     | Found Mownear's Book Boutique.
 13080 | D:10     | Identified the +11 halberd of Her Qigh {flame, +Blink rF-
                  | rC+ rN+}
 13222 | D:10     | Found a staircase to the Orcish Mines.
 13315 | D:10     | Learned a level 3 spell: Frozen Ramparts
 13405 | Orc:1    | Entered Level 1 of the Orcish Mines
 13408 | Orc:1    | Noticed Fannar
 13419 | Orc:1    | Killed Fannar
 13645 | Orc:1    | Reached ***** piety under Sif Muna
 13648 | Orc:1    | Noticed an orc high priest
 13814 | Orc:1    | Killed an orc high priest
 14122 | D:10     | Bought the Volume of Evil for 308 gold pieces
 14148 | Orc:2    | Entered Level 2 of the Orcish Mines
 14149 | Orc:2    | Received a gift from Sif Muna
 14150 | Orc:2    | Got Sif Muna's Guidebook on Shifting Envenoming {god gift}
 14202 | Orc:2    | Found a runed translucent door.
 14204 | Orc:2    | Noticed Mafin's ghost (novice DjFE)
 14364 | Orc:2    | Killed Mafin's ghost
 14366 | Orc:2    | Identified the +0 leather armour of the Game of Life {*Slow
                  | rPois Dex+2}
 14468 | Orc:2    | Found a staircase to the Elven Halls.
 14530 | Orc:2    | Reached skill level 1 in Summonings
 15823 | Orc:2    | Noticed an orc high priest
 15828 | Orc:2    | Noticed an orc high priest
 15829 | Orc:2    | Reached skill level 17 in Spellcasting
 15832 | Orc:2    | Killed an orc high priest
 15836 | Orc:2    | Killed an orc high priest
 15838 | Orc:2    | Noticed an orc high priest
 15852 | Orc:2    | Killed an orc high priest
 15932 | Orc:2    | Noticed an orc high priest
 15935 | Orc:2    | Killed an orc high priest
 16153 | D:10     | Bought a book of Fire for 616 gold pieces
 16159 | D:10     | Learned a level 5 spell: Fireball
 16252 | Orc:2    | Received a gift from Sif Muna
 16255 | Orc:2    | Got Sif Muna's Excursus on Transmuted Rime {god gift}
 16538 | Orc:2    | Found Puamal's Distillery.
 16539 | Orc:2    | Found Mojaod's Assorted Antiques.
 16543 | Orc:2    | Found Fusideh's Jewellery Emporium.
 16543 | Orc:2    | Found Juze's Antique Armour Emporium.
 16550 | Orc:2    | Bought a potion of heal wounds for 145 gold pieces
 16551 | Orc:2    | Bought a potion of magic for 96 gold pieces
 16891 | Lair:1   | Entered Level 1 of the Lair of Beasts
 17042 | Lair:1   | Reached skill level 1 in Fire Magic
 17368 | Lair:1   | Reached XP level 13. HP: 66/66 MP: 17/36
 17598 | Lair:1   | Noticed Grum
 17605 | Lair:1   | Killed Grum
 18090 | Lair:2   | Noticed Harold
 18101 | Lair:2   | Slain by Harold

Illustrated notes

Levels and vault maps discovered:
D:1:      dpeg_arrival_rooms_with_view, layout_rooms,
          shapermc_ecumenical_altar_venn, nicolae_figureground_pulse
D:2:      layout_loops_ring, chequers_serial_rivers_room_a,
          nicolae_kite_square_tiling_tiny
D:3:      kennysheep_six_static_rooms, layout_basic, elyvilon_altar_1,
          nicolae_overflow_crystal_walls, mainiacjoe_overflow_alcove_1,
          nicolae_overflow_hidden_temple, gup_sewer_entry_bowl,
          hangedman_decor_push
D:4:      layout_basic, minmay_checkerbox, uniq_blork_the_orc,
          uniq_crazy_yiuf_cottage
D:5:      layout_loops_ring, serial_shops, kennysheep_little_box
D:6:      layout_basic, minmay_temple_entry_antechambers,
          kennysheep_big_empty_room, minmay_microvault
D:7:      layout_basic, nicolae_grassy_gnolls
D:8:      layout_gridville, minmay_lair_entry_grove, lemuel_flamethrower_2,
          uniq_joseph
D:9:      layout_roguey, serial_shops, shop
D:10:     minmay_the_grid_net [minmay_the_grid_plusring,
          minmay_the_grid_stretched_grid, minmay_the_grid_gridbox,
          minmay_the_grid_dragon_b, minmay_the_grid_large_cup,
          minmay_the_grid_prize_trominoes], layout_loops_cross,
          kennysheep_orc_monster_closet_entryway, serial_shops,
          nicolae_diamond_shop, minmay_gold_behind_fungi, roderic_batcave,
          statue_in_the_mist_lemuel, hangedman_decor_opposing, uniq_sonja
Temple:   nicolae_temple_bog_church
Lair:1:   layout_gridlike, serial_rivers, chequers_serial_rivers_small_a,
          chequers_serial_rivers_marsh, chequers_serial_rivers_micro_d,
          chequers_serial_rivers_small_3, uniq_grum
Lair:2:   layout_small_grid, shoals_dummy_entry, grunt_megastairs_1,
          infiniplex_staircase_pool, serial_bayou_shore_a, uniq_harold
Orc:1:    layout_diamond_mine, uniq_fannar
Orc:2:    st_orc_mages, layout_diamond_mine, ebering_ghost_inner_flame

Skill      XL: |  1  2  3  4  5  6  7  8  9 10 11 12 13 |
---------------+----------------------------------------+-----
Earth Magic    | 4 5 6 8 9 10 12 13 14 | 14.0
Spellcasting   | 4 5 6 8 10 12 14 15 17 | 17.6
Ranged Weapons | 1 2 3 4 5 6 |  6.9
Conjurations   | 1 2 4 5 6 8 9 |  9.6
Stealth        | 3 4 |  4.3
Transmutations | 2 3 4 |  4.1
Invocations    | 1 3 4 |  4.1
Fighting       | 1 |  1.9
Dodging        | 3 |  3.9
Summonings     | 1 |  1.0
Fire Magic     | 1 2 |  2.7
Evocations     | |  0.8

Action                   |  1- 3 |  4- 6 |  7- 9 | 10-12 | 13-15 || total
-------------------------+-------+-------+-------+-------+-------++-------
Melee: Halberd           |       |       |       |     1 |       ||     1
 Fire: Sling             |    13 |    38 |    16 |    45 |       ||   112
       Shortbow          |       |       |    32 |    19 |       ||    51
       Arbalest          |       |       |       |    85 |     6 ||    91
 Cast: Sandblast         |    54 |    42 |    60 |    89 |     4 ||   249
       Passwall          |     4 |       |     2 |     5 |       ||    11
       Stone Arrow       |       |    13 |    90 |   300 |    20 ||   423
       Petrify           |       |     1 |    11 |    22 |       ||    34
       Animate Armour    |       |       |     3 |    18 |     1 ||    22
       Fireball          |       |       |       |    14 |     5 ||    19
Invok: Channel Magic     |       |       |       |     3 |     1 ||     4
Evoke: Wand              |       |       |       |     7 |       ||     7
  Use: Scroll            |     4 |       |     8 |    20 |     1 ||    33
       Potion            |       |       |     1 |     4 |     1 ||     6
Armor: Robe              |     3 |     9 |     9 |    30 |     5 ||    56
Dodge: Dodged            |    20 |    27 |    25 |   119 |    10 ||   201
